 Dungeon Crawl Stone Soup version 0.29.1-12-g30fa7ad0bf (webtiles) character file.

Game seed: 6201458723483563588

188 wormed the Ducker (level 6, -5/39 HPs)
             Began as a Kobold Monk on Dec 28, 2022.
             Slain by an ice beast (11 damage)
             ... on level 5 of the Dungeon.
             The game lasted 00:09:04 (5497 turns).

wormed the Ducker (Kobold Monk)                     Turns: 5497, Time: 00:09:05

Health: -5/39      AC:  6    Str:  8    XL:     6   Next: 0%
Magic:  6/6        EV: 16    Int: 11    God:
Gold:   199        SH:  0    Dex: 20    Spells: 5/5 levels left

rFire   . . .      SeeInvis +   a - +0 falchion
rCold   . . .      Faith    .   (no shield)
rNeg    . . .      Spirit   .   l - +0 leather armour
rPois   .          Reflect  .   (no helmet)
rElec   .          Harm     .   m - +0 cloak
rCorr   .          Rampage  .   (no gloves)
Will    .....                   k - +1 pair of boots
Stlth   ++++......              (no amulet)
HPRegen 0.13/turn               o - ring of see invisible
MPRegen 0.10/turn               (no ring)

@: no status effects
A: small, no large weapons, nightstalker 3
a: no special abilities


You were on level 5 of the Dungeon.
You visited 1 branch of the dungeon, and saw 5 of its levels.

You collected 199 gold pieces.

Inventory:

Hand Weapons
 a - a +0 falchion (weapon)
Missiles
 A - 3 poisoned darts (quivered)
 B - 6 atropa-tipped darts
Armour
 k - a +1 pair of boots (worn)
 l - a +0 leather armour (worn)
 m - a +0 cloak (worn)
Jewellery
 j - a ring of positive energy
 o - a ring of see invisible (left hand)
Scrolls
 b - 2 scrolls of identify
 g - 2 scrolls of immolation {unknown}
 i - 2 scrolls of magic mapping {unknown}
 p - 2 scrolls of butterflies
 r - a scroll of teleportation {unknown}
 u - a scroll of poison {unknown}
 v - 2 scrolls of fear {unknown}
 w - a scroll of enchant weapon {unknown}
 x - 2 scrolls of enchant armour {unknown}
 y - a scroll of blinking {unknown}
Potions
 c - a potion of ambrosia
 d - 5 potions of curing
 e - 2 potions of haste {unknown}
 f - 3 potions of degeneration {unknown}
 h - 2 potions of brilliance {unknown}
 n - a potion of heal wounds {unknown}
 q - a potion of invisibility {unknown}
 s - a potion of cancellation {unknown}
 t - 3 potions of flight {unknown}
 z - a potion of magic {unknown}


   Skills:
 + Level 4.3 Fighting
 * Level 3.5 Long Blades
 + Level 4.6 Dodging
 + Level 4.4 Stealth


You had 5 spell levels left.
You didn't know any spells.
Your spell library contained the following spells:

 Spells                   Type           Power      Damage    Failure   Level
 Apportation              Tloc           0%         N/A       45%         1
 Alistair's Intoxication  Tmut/Pois      0%         N/A       100%        5


Dungeon Overview and Level Annotations

Branches:
Dungeon (5/15)
 Temple: D:4-7

Altars:
Qazlal
Ru
Sif Muna

Shops:
D:1 [

Annotations:
D:4 Dowan


Innate Abilities, Weirdness & Mutations

You are small and have problems with some larger weapons.
You are completely attuned to the shadows.


Message History

The ice beast is lightly wounded.
The ice beast barely misses you.
You slash the ice beast!
The ice beast is heavily wounded.
The ice beast misses you.
You hit the ice beast but do no damage.
The ice beast is heavily wounded.
The ice beast misses you.
You hit the ice beast.
The ice beast is severely wounded.
The ice beast barely misses you.
You closely miss the ice beast.
The ice beast is severely wounded.
The ice beast hits you. The ice beast freezes you!
You closely miss the ice beast.
The ice beast is severely wounded.
The ice beast looks more healthy.
The ice beast misses you.
You hit the ice beast.
The ice beast is severely wounded.
The ice beast hits you but does no damage.
The ice beast barely misses you.
You hit the ice beast but do no damage.
The ice beast is severely wounded.
The ice beast hits you but does no damage.
You hit the ice beast but do no damage.
The ice beast is severely wounded.
The ice beast closely misses you.
You completely miss the ice beast.
The ice beast is severely wounded.
The ice beast hits you. The ice beast freezes you!
* * * LOW HITPOINT WARNING * * *
You hit the ice beast.
The ice beast is almost dead.
The ice beast barely misses you.
You barely miss the ice beast.
The ice beast is almost dead.
The ice beast hits you.
* * * LOW HITPOINT WARNING * * *
The ice beast freezes you!
You die...

#.# ####..# #..
......# ####.##
### ##'## ..#
##...## #.#
#.....## ..#
#.......## #(
..##
.........###.(!
.....
..........@Y(..
..###
..............
..#
.......###...
#.# ....#.# ..#
.. ..##.# .#


You could see an ice beast.

Vanquished Creatures
  A hound (D:4)
  Terence (D:2)
  5 adders
  4 worms
  7 orcs (D:3)
  9 bats
  5 endoplasms
  A giant cockroach (D:1)
  6 goblins
  6 hobgoblins
  5 quokkas
  4 ball pythons
  7 frilled lizards
  5 kobolds
  5 rats
71 creatures vanquished.

Vanquished Creatures (others)
  A plant (D:3)
1 creature vanquished.

Grand Total: 72 creatures vanquished

Notes
Turn   | Place    | Note
-------+----------+-------------------------------------------
     0 | D:1      | wormed the Kobold Monk began the quest for the Orb.
     0 | D:1      | Reached XP level 1. HP: 14/14 MP: 1/1
   383 | D:1      | Reached XP level 2. HP: 19/19 MP: 2/2
   922 | D:1      | Found Sabath's Armour Emporium.
   936 | D:1      | Reached XP level 3. HP: 23/23 MP: 3/3
  1655 | D:2      | Reached XP level 4. HP: 29/29 MP: 4/4
  1743 | D:2      | Noticed Terence
  1843 | D:2      | Found a faded altar of an unknown god.
  2076 | D:2      | HP: 1/29 [Terence/+0 short sword (5)]
  3800 | D:4      | Found a sacrificial altar of Ru.
  3860 | D:4      | Reached XP level 5. HP: 19/33 MP: 5/5
  4003 | D:4      | Found a stormy altar of Qazlal.
  4182 | D:4      | Noticed an ogre
  5145 | D:2      | Killed Terence
  5146 | D:2      | Reached XP level 6. HP: 34/39 MP: 6/6
  5390 | D:4      | Found a shimmering blue altar of Sif Muna.
  5408 | D:4      | Noticed Dowan
  5428 | D:5      | Entered Level 5 of the Dungeon
  5482 | D:5      | Noticed an ice beast
  5497 | D:5      | Slain by an ice beast

Illustrated notes

Levels and vault maps discovered:
D:1:      amcnicky_arrival_double_pillar, layout_basic, serial_shops,
          nicolae_square_shop
D:2:      layout_basic, ebering_ecumenical_altar_rust, uniq_terence
D:3:      layout_loops_ring, serial_bayou_lagoon_b
D:4:      layout_basic, mainiacjoe_overflow_tiny_flanked, kennysheep_mini_moat,
          lemuel_doored_altar, uniq_edmund, uniq_duvessa
D:5:      layout_loops_corners, nemelex_xobeh_ov_fountains_minmay,
          minmay_temple_entry_wispy, gammafunk_ghost_stat_death,
          dreamdust_princess_bridge

Skill      XL: |  1  2  3  4 |
---------------+-------------+-----
Stealth        | 3 4 |  4.4
Dodging        | 4 |  4.6
Long Blades    | 3 |  3.5
Fighting       | 4 |  4.3

Action                   |  1- 3 |  4- 6 || total
-------------------------+-------+-------++-------
Melee: Falchion          |   104 |   176 ||   280
       Punch             |     1 |     1 ||     2
Throw: Dart              |       |     7 ||     7
  Use: Scroll            |       |     2 ||     2
       Potion            |       |     1 ||     1
 Stab: Sleeping          |    16 |    10 ||    26
Armor: Robe              |    10 |       ||    10
       Leather armour    |    14 |    37 ||    51
Dodge: Dodged            |   103 |   115 ||   218
